AoeStats
← Chiripa605

African Clearing

505515729Analyzed
3v3 RM · 23d ago on Sep 9, 2026· 30m 19s· 6 players
Game mode
Random Map
Map size
Normal (6 player)
Population
200
Speed
Normal
Resources
Standard
Victory
Conquest
Starting age
Dark Age
Ending age
Imperial Age
RankedLock teamsTeams togetherTeam positionsShared explorationLock speedFull tech treeHidden civsTurbo modeCheats
Victory
Defeat
🇺🇸 Koreans · United States
1182
+15
🇦🇷 Italians · Argentina
1135
+17
🇩🇴 Bohemians · Dominican Republic
1081
+19
🇩🇪 Spanish · Germany
1253
-22
🇩🇪 Maya · Germany
1213
-19
🇩🇪 Inca · Germany
985
-10
Chiripa605
4:02 Loom
14:13 Feudal Age
14:40 Double-Bit Axe
19:05 Castle Age
17:48 Town Watch
20:37 Bow Saw
25:02 Scale Mail Armor
facundomcilano
14:08 Feudal Age
16:26 Wheelbarrow
16:06 Double-Bit Axe
18:46 Castle Age
17:45 Fletching
17:55 Padded Archer Armor
17:55 Loom
18:29 Horse Collar
21:01 Town Watch
24:10 Ballistics
28:06 Heavy Plow
28:50 Bodkin Arrow
32:26 Imperial Age
31:13 Leather Archer Armor
Arietediron
5:05 Loom
13:48 Feudal Age
14:41 Double-Bit Axe
15:33 Wheelbarrow
19:54 Castle Age
20:27 Pikeman
22:02 Forging
25:16 Husbandry
28:47 Squires
28:59 Arson
rafimeister.
13:35 Loom
15:28 Feudal Age
19:50 Castle Age
18:04 Double-Bit Axe
19:08 Horse Collar
22:56 Bow Saw
22:52 Heavy Plow
24:26 Fletching
25:27 Squires
26:08 Forging
28:35 Bodkin Arrow
Sarah0nFire
13:36 Loom
17:03 Feudal Age
17:52 Double-Bit Axe
22:39 Castle Age
23:36 Thumb Ring
27:11 Bow Saw
26:54 Gold Mining
26:56 Crossbowman
Renesel
11:09 Loom
14:47 Feudal Age
18:41 Castle Age
16:34 Double-Bit Axe
21:55 Fletching
25:44 Horse Collar
26:51 Heavy Plow
Connection lost

Rejoining the realm…

Still unreachable

The connection could not be restored.

Session expired

The server has moved on; the page needs a fresh start.